 Dungeon Crawl Stone Soup version 0.28-a0-224-g76b539d98b (webtiles) character file.

Game seed: 8261636510647433159

96 graki42 the Magician (level 4, 0/30 HPs)
             Began as a Mummy Fire Elementalist on Aug 21, 2021.
             Slain by a goblin (1 damage)
             ... led by Robin
             ... on level 2 of the Dungeon.
             The game lasted 00:06:24 (1774 turns).

graki42 the Magician (Mummy Fire Elementalist)      Turns: 1774, Time: 00:06:25

Health: 0/30       AC:  2    Str: 11    XL:     4   Next: 41%
Magic:  5/9        EV: 12    Int: 21    God:
Gold:   95         SH:  0    Dex: 12    Spells: 3/10 levels left

rFire   x . .      SeeInvis .   d - +2 dagger (venom)
rCold   + . .      Faith    .   (no shield)
rNeg    + + +      Spirit   .   a - +0 robe
rPois   ∞          Reflect  .   (no helmet)
rElec   .          Harm     .   (no cloak)
rCorr   .          Rampage  .   (no gloves)
Will    .....                   (no boots)
Stlth   ++........              (no amulet)
HPRegen 0.10/turn               f - +6 ring of intelligence
MPRegen 0.11/turn               (no ring)

@: no status effects
A: cold resistance 1, negative energy resistance 3, torment resistance 2, heat
vulnerability 1, no potions
a: no special abilities


You were on level 2 of the Dungeon.
You visited 1 branch of the dungeon, and saw 2 of its levels.

You collected 95 gold pieces.

Inventory:

Hand Weapons
 d - a +2 dagger of venom (weapon)
Armour
 a - a +0 robe (worn)
Jewellery
 f - a +6 ring of intelligence (left hand)
Scrolls
 b - a scroll of holy word {unknown}
 c - a scroll of noise {unknown}
 e - a scroll of blinking {unknown}


   Skills:
 - Level 2.0 Dodging
 - Level 2.0 Stealth
 + Level 3.7 Spellcasting
 + Level 1.6 Conjurations
 + Level 0.9 Hexes
 + Level 3.0 Fire Magic


You had 3 spell levels left.
You knew the following spells:

 Your Spells              Type           Power      Damage    Failure   Level
a - Foxfire               Conj/Fire      52%        2x1d6     4%          1
b - Conjure Flame         Conj/Fire      13%        6-21      14%         3
c - Inner Flame           Hex/Fire       12%        N/A       17%         3

Your spell library contained the following spells:

 Spells                   Type           Power      Damage    Failure   Level
 Sticky Flame             Conj/Fire      13%        2d4       43%         4
 Fireball                 Conj/Fire      6%         3d5       78%         5


Dungeon Overview and Level Annotations

Branches:
Dungeon (2/15)

Altars:

Shops:
D:2 [

Annotations:
D:2 Robin


Innate Abilities, Weirdness & Mutations

You are immune to poison.
Your flesh is cold resistant. (rC+)
You are immune to negative energy. (rN+++)
You are immune to unholy pain and torment.
You are vulnerable to heat. (rF-)
You do not drink.


Message History

Robin is heavily wounded.
The foxfire hits the goblin.
The goblin is heavily wounded.
Robin hits you with a +0 short sword.
Casting: Foxfire (safe; 4% risk of failure)
Confirm with . or Enter, or press ? or * to list all spells.
You conjure some foxfire!
The foxfire hits Robin but does no damage.
Robin is heavily wounded.
The foxfire hits the goblin.
The goblin is heavily wounded.
Robin hits you with a +0 short sword.
The foxfire hits Robin.
Robin is heavily wounded.
Robin throws the goblin at you!
Your magical contamination has completely faded away.
You barely miss the goblin.
The goblin is heavily wounded.
The goblin misses you. x2
You closely miss the goblin.
The goblin is heavily wounded.
The goblin hits you with a +0 club. x2
* * * LOW HITPOINT WARNING * * *
Unknown command.
You barely miss the goblin.
The goblin is heavily wounded.
The goblin hits you with a +0 club.
* * * LOW HITPOINT WARNING * * *
The goblin closely misses you.
Unknown command.
You hit the goblin.
You kill the goblin!
The goblin no longer looks unusually strong. x2
The goblin hits you but does no damage.
You completely miss the goblin.
The goblin is moderately wounded.
The goblin hits you with a +0 club.
* * * LOW HITPOINT WARNING * * *
The goblin hits you with a +0 club.
You die... #....# #........ #....# #........ . #..†.# #........ .. #....###....)... .Sg

######### #......#.....### ....
#.......# ####...#.....# .....
#.......# #...#.....###
......#.......#######...#........
......'...)†).gg@g).'...'........
......#.......#######...#........
##### #.......# #...#......).
#.......# #####........ #########
#........ #........ #########


You could see Robin and 2 goblins.

Vanquished Creatures
  Terence (D:2)
  2 adders (D:2)
  A dart slug (D:1)
  4 ball pythons
  4 endoplasms
  2 giant cockroaches (D:1)
  9 hobgoblins
  4 quokkas
  4 bats
  2 frilled lizards (D:1)
  8 goblins
  4 kobolds
45 creatures vanquished.

Vanquished Creatures (others)
  A ball python (D:1)
  A rat (D:1)
  115 foxfires
117 creatures vanquished.

Grand Total: 162 creatures vanquished

Notes
Turn   | Place    | Note
-------+----------+-------------------------------------------
     0 | D:1      | graki42 the Mummy Fire Elementalist began the quest for the
                  | Orb.
     0 | D:1      | Reached XP level 1. HP: 13/13 MP: 4/4
   334 | D:1      | Reached skill level 1 in Conjurations
   334 | D:1      | Reached XP level 2. HP: 19/19 MP: 4/6
   793 | D:1      | Reached XP level 3. HP: 21/24 MP: 2/7
   797 | D:1      | Learned a level 3 spell: Conjure Flame
   801 | D:1      | Learned a level 3 spell: Inner Flame
  1213 | D:2      | Found Paireato's Antique Armour Boutique.
  1458 | D:2      | Noticed Terence
  1467 | D:2      | Killed Terence
  1468 | D:2      | Reached XP level 4. HP: 28/30 MP: 0/9
  1758 | D:2      | Noticed Robin
  1774 | D:2      | HP: 1/30 [goblin[Robin] (2)]
  1774 | D:2      | Slain by a goblin

Illustrated notes

Levels and vault maps discovered:
D:1:      lightli_arrival_maybe_door_vault, layout_basic, lemuel_old_faithful
D:2:      layout_basic, serial_shops, nicolae_shop_trees, basic_altar,
          minmay_misc_feat_iff, uniq_terence, uniq_robin

Skill      XL: |  1  2  3  4 |
---------------+-------------+-----
Spellcasting   | 3 |  3.7
Conjurations   | 1 |  1.6
Dodging        | 2 |  2.0
Stealth        | 2 |  2.0
Fire Magic     | 3 |  3.0
Hexes          | |  0.9

Action                   |  1- 3 |  4- 6 || total
-------------------------+-------+-------++-------
Melee: Dagger            |    14 |    10 ||    24
 Cast: Foxfire           |    49 |    18 ||    67
Armor: Robe              |     6 |     1 ||     7
Dodge: Dodged            |    12 |     7 ||    19

Table legend: (Time is in decaauts)
 A = Elapsed time spent in this place.
 B = Non-inter-level travel time spent in this place.
 C = Inter-level travel time spent in this place.
 D = Time resting spent in this place.
 E = Time spent auto-exploring this place.
 F = Levels seen in this place.
 G = Mean time per level.
                   A        B        C        D        E       F      G
               +--------+--------+--------+--------+--------+-----+--------+
         Total |   1774 |   1756 |     18 |    283 |   1186 |   2 |  887.0 |
       Dungeon |   1774 |   1756 |     18 |    283 |   1186 |   2 |  887.0 |
               +--------+--------+--------+--------+--------+-----+--------+

Top non-repeatable levels by time:
     D:1: 1000 daAuts
     D:2: 774 daAuts
